 Dungeon Crawl Stone Soup version 0.22-a0-567-gff9aefc (webtiles) character file.

66885 galech the Bludgeoner (level 15, -12/167 HPs)
             Began as an Ogre Berserker on June 29, 2018.
             Was a High Priest of Trog.
             Mangled by a 15-headed hydra (13 damage)
             ... on level 6 of the Lair of Beasts.
             The game lasted 00:52:32 (27445 turns).

galech the Bludgeoner (Ogre Berserker)             Turns: 27445, Time: 00:52:34

Health: -12/167    AC:  5    Str: 30    XL:     15   Next: 21%
Magic:  15/15      EV: 12    Int:  8    God:    Trog [*****.]
Gold:   1343       SH: 18    Dex: 12    Spells: 14/14 levels left

rFire    + . .     SeeInvis .   t - +12 morningstar of Fixation {venom, Str+4}
rCold    + . .     Gourm    .   O - +0 large shield
rNeg     . . .     Faith    .   g - +0 troll leather armour
rPois    .         Spirit   .   (helmet restricted)
rElec    .         Reflect  .   C - scarf {rC+ rF+}
rCorr    +         Harm     .   (gloves unavailable)
MR       +....                  (boots unavailable)
Stlth    ++........             (no amulet)
HPRegen  0.77/turn              q - ring of resist corrosion
MPRegen  0.14/turn              (no ring)

@: berserk cooldown, slowed, very slow
A: large, unfitting armour, tough skin 1
a: Berserk, Trog's Hand, Brothers in Arms, Renounce Religion


You were on level 6 of the Lair of Beasts.
You worshipped Trog.
Trog was extremely pleased with you.
You were very hungry.

You visited 2 branches of the dungeon, and saw 17 of its levels.
You also visited: Labyrinth and Bailey.

You collected 1343 gold pieces.

Inventory:

Hand Weapons
 t - the +12 morningstar of Fixation (weapon) {venom, Str+4}
   (Trog gifted it to you on level 6 of the Lair of Beasts)

   It poisons the flesh of those it strikes.
   It affects your strength (+4).
 P - the +4 arc blade {discharge, rElec}
   (You found it on level 2 of the Lair of Beasts)

   It insulates you from electricity.
 T - the +9 morningstar of Roteci {venom, rPois Str+7 Dex-5}
   (Trog gifted it to you on level 4 of the Lair of Beasts)

   It poisons the flesh of those it strikes.
   It affects your strength (+7).
   It affects your dexterity (-5).
   It protects you from poison.
Missiles
 G - 70 tomahawks of returning (quivered)
Armour
 g - a +0 troll leather armour (worn)
 s - a +0 robe of magic resistance
 C - a scarf of resistance (worn)
 K - a +1 robe of magic resistance
 O - a +0 large shield (worn)
Jewellery
 j - an uncursed ring of fire
 q - a ring of resist corrosion (left hand)
 B - an uncursed ring of fire
Scrolls
 h - 12 scrolls of teleportation
 k - a scroll of holy word {unknown}
 l - 3 scrolls of enchant weapon
 m - 3 scrolls of remove curse
 n - a scroll of fear
 o - 3 scrolls of fog
 p - a scroll of magic mapping
 y - 5 scrolls of enchant armour
 D - a scroll of summoning {unknown}
 H - a scroll of torment {unknown}
 L - a scroll of brand weapon {unknown}
 M - a scroll of acquirement
 N - 6 scrolls of identify
Potions
 a - 12 potions of curing {unknown}
 d - a potion of resistance {unknown}
 e - 2 potions of flight {unknown}
 f - 2 potions of agility {unknown}
 r - 7 potions of lignification {unknown}
 u - 2 potions of degeneration {unknown}
 v - 3 potions of brilliance {unknown}
 w - a potion of cancellation {unknown}
 x - 4 potions of magic
 z - 7 potions of heal wounds
 A - 4 potions of haste
 E - 5 potions of mutation
 F - a potion of might
 Q - a potion of berserk rage
 X - a potion of ambrosia {unknown}
Comestibles
 c - 31 rations
 i - 8 chunks of flesh


   Skills:
 + Level 15.1 Fighting
 + Level 1.0 Short Blades
 + Level 15.7 Maces & Flails
 + Level 5.0 Armour
 + Level 10.3 Dodging
 + Level 3.6 Stealth
 + Level 8.0 Shields


You had 14 spell levels left.
You didn't know any spells.
Your spell library was empty.

Dungeon Overview and Level Annotations

Branches:
Dungeon (11/15)            Temple (0/1) D:4            Lair (6/6) D:11
  Swamp (0/4) Lair:2        Snake (0/4) Lair:4        Slime (0/5) Lair:6
    Orc: D:9-12

Altars:
Ashenzari
Cheibriados
Elyvilon
Gozag
Hepliaklqana
Kikubaaqudgha
Makhleb
Nemelex Xobeh
Okawaru
Qazlal
Ru
Sif Muna
Trog
Uskayaw
Xom
Zin
The Shining One
Jiyva

Shops:
D:8 :   D:10 :[:}

Annotations:
Lair:1 exclusion: oklob plant


Innate Abilities, Weirdness & Mutations

You are too large for most types of armour.
You have tough skin. (AC +1)


Message History

The 15-headed hydra bites you!
* * * LOW HITPOINT WARNING * * *
The 15-headed hydra bites you but does no damage.
You feel a strong urge to attack something.
You are no longer berserk.
You are exhausted.
You feel yourself slow down.
You block the 15-headed hydra's attack. x2
The 15-headed hydra bites you but does no damage.
You block the 15-headed hydra's attack. x3
The 15-headed hydra barely misses you. The 15-headed hydra closely misses you.
The 15-headed hydra bites you!
* * * LOW HITPOINT WARNING * * *
The 15-headed hydra closely misses you. The 15-headed hydra misses you.
The 15-headed hydra bites you but does no damage.
The 15-headed hydra completely misses you.
The 15-headed hydra bites you.
* * * LOW HITPOINT WARNING * * *
The 15-headed hydra bites you!
You die...

.#.##....##.##..♣##....#.........
#..##....##.#..=$$##.............
...##.......'......##.P#.#.......
...#....#...'..)..≈ ######<......
...#.######.'.....♣ #.........
..P##.#####†#.?...# #####........
.....###PPP.##♣♣≈##..............
........PP...#####...............
...............D@................
.................................
..........[.....##...............
.#..#.#.#..#....##..#..##........
..##....###....##P..P..##........
.###.....####...##.....###.......
..........#.#..##.......##.......
..PP...........##.......##.......
.###P#.P..###..#........##.......


You could see a 15-headed hydra.

Vanquished Creatures
  The ghost of kae the Transmogrifier, a journeyman DsTm of Okawaru (Lair:6)
  A minotaur (Lab)
  The ghost of Plog the Severer, a journeyman MiBe of Trog (Lair:3)
  Josephine (Lair:5)
  5 hydras
  Erolcha (D:11)
  Erica (Lair:1)
  6 two-headed ogres
  3 death yaks (Lair:6)
  A dancing weapon (Lair:3)
  Urug (Lair:4)
  An unseen horror (D:10)
  2 orc knights
  9 elephants
  2 black mambas
  A torpor snail (Lair:3)
  Maurice (D:9)
  Joseph (D:10)
  Psyche (D:8)
  3 spiny frogs
  7 komodo dragons
  2 rime drakes (Lair:2)
  4 trolls
  6 polar bears
  Grinder (D:4)
  7 hornets
  9 hippogriffs
  19 blink frogs
  14 dream sheep
  11 spriggans
  A water elemental (D:11)
  5 wraiths (Lair:5)
  27 yaks
  A human (D:7)
  4 hogs (D:7)
  A wyvern (D:8)
  5 basilisks
  A vampire mosquito (D:11)
  Edmund (D:4)
  Menkaure (D:4)
  3 nagas (Lair:4)
  11 water moccasins
  7 porcupines
  4 orc warriors
  2 ice beasts (D:11)
  5 sky beasts
  7 black bears
  3 phantoms
  4 ogres
  A necrophage (D:9)
  4 boggarts (Lair:6)
  45 wolves
  3 centaurs
  14 crocodiles
  Blork the orc (D:4)
  A big kobold (D:10)
  19 bullfrogs
  A scorpion (D:8)
  5 wights (D:10)
  9 killer bees (D:8)
  An electric eel (Lair:2)
  4 howler monkeys
  A centaur zombie (D:9)
  A crimson imp (D:10)
  A bullfrog zombie (D:9)
  A lava snake (D:11)
  3 centaur skeletons
  8 hounds
  4 jellies
  A quasit (D:9)
  4 bullfrog skeletons
  5 orc priests
  Ijyb (D:3)
  24 orc wizards
  Natasha (thrice) (D:4)
  5 iguanas
  7 worker ants
  A killer bee zombie (D:10)
  A bullfrog simulacrum (D:11)
  2 hound zombies (D:9)
  2 worker ant zombies
  22 gnolls
  2 howler monkey skeletons
  12 adders
  4 shadow imps
  2 white imps
  4 oozes
  An adder zombie (D:5)
  2 worms
  3 dart slugs
  6 leopard geckos
  44 orcs
  8 giant cockroaches
  10 goblins
  21 hobgoblins
  25 jackals
  15 kobolds
  6 quokkas
  8 bats
  4 frilled lizards
  A quokka skeleton (D:4)
  13 rats
  A plant (D:11)
613 creatures vanquished.

Vanquished Creatures (others)
  A polar bear (D:11)
  11 fungi
  12 plants
24 creatures vanquished.

Grand Total: 637 creatures vanquished

Notes
Turn   | Place    | Note
-------+----------+-------------------------------------------
     0 | D:1      | galech the Ogre Berserker began the quest for the Orb.
     0 | D:1      | Reached XP level 1. HP: 24/24 MP: 1/1
   110 | D:1      | Reached XP level 2. HP: 17/32 MP: 2/2
   386 | D:1      | Reached XP level 3. HP: 35/40 MP: 3/3
   661 | D:1      | Reached ** piety under Trog
  1170 | D:2      | Reached XP level 4. HP: 18/49 MP: 4/4
  1427 | D:2      | Found a faded altar of an unknown god.
  1495 | D:2      | Reached skill level 5 in Fighting
  1498 | D:2      | Reached XP level 5. HP: 51/57 MP: 5/5
  1632 | D:2      | Found a shattered altar of Ashenzari.
  1749 | D:2      | Reached *** piety under Trog
  2183 | D:3      | Found a snail-covered altar of Cheibriados.
  2564 | D:3      | Found an opulent altar of Gozag.
  2663 | D:3      | Reached XP level 6. HP: 55/66 MP: 6/6
  3145 | D:4      | Noticed Menkaure
  3145 | D:4      | Noticed Ijyb
  3256 | D:3      | Killed Ijyb
  3628 | D:4      | Killed Menkaure
  3628 | D:4      | Reached skill level 5 in Maces & Flails
  3764 | D:4      | Noticed Natasha
  3785 | D:4      | Killed Natasha
  3785 | D:4      | Reached XP level 7. HP: 21/75 MP: 7/7
  3850 | D:4      | Noticed Natasha
  3852 | D:4      | Noticed Blork the orc
  3892 | D:4      | Killed Natasha
  3916 | D:4      | Killed Blork the orc
  4226 | D:4      | Reached skill level 1 in Stealth
  4341 | D:4      | Noticed Natasha
  4352 | D:4      | Killed Natasha
  4456 | D:4      | Noticed Edmund
  4473 | D:4      | Killed Edmund
  4543 | D:4      | Found a stormy altar of Qazlal.
  4687 | D:4      | Noticed Grinder
  4694 | D:4      | Killed Grinder
  4694 | D:4      | Reached skill level 5 in Dodging
  4694 | D:4      | Reached XP level 8. HP: 87/87 MP: 8/8
  4713 | D:4      | Found a staircase to the Ecumenical Temple.
  5345 | D:5      | Entered Level 5 of the Dungeon
  5692 | D:5      | Received a gift from Trog
  5721 | D:5      | Found a hide-covered altar of Uskayaw.
  6330 | D:5      | Noticed a moth of wrath
  6332 | D:5      | Found a bloodstained altar of Trog.
  6501 | D:6      | Reached **** piety under Trog
  6527 | D:6      | Found an iron altar of Okawaru.
  6839 | D:6      | Reached XP level 9. HP: 83/96 MP: 9/9
  6976 | D:6      | Found a white marble altar of Elyvilon.
  7526 | D:7      | Found a flagged portal.
  7634 | Bailey   | Entered a bailey
  7760 | Bailey   | Received a gift from Trog
  8358 | Bailey   | Noticed an orc knight
  8720 | Bailey   | Killed an orc knight
  8851 | D:7      | Found an ancient bone altar of Kikubaaqudgha.
  8853 | D:7      | Found a shattered altar of Ashenzari.
  8951 | D:7      | Found a hazy altar of Hepliaklqana.
  9073 | D:7      | Reached ***** piety under Trog
  9394 | D:7      | Found a glowing golden altar of the Shining One.
  9435 | D:7      | Got a slimy hunting sling
  9436 | D:7      | Identified the cursed +2 hunting sling of Zogipum {velocity, Fragile rElec MR+++ SInv} (You found it on level 7 of the Dungeon)
  9484 | D:7      | Reached XP level 10. HP: 67/107 MP: 10/10
  9916 | D:7      | Found a glowing silver altar of Zin.
 10089 | D:8      | Found Paeden's Book Shoppe.
 10120 | D:7      | Reached skill level 10 in Fighting
 10374 | D:8      | Reached skill level 10 in Maces & Flails
 11042 | D:8      | Found a burning altar of Makhleb.
 11045 | D:8      | Noticed a two-headed ogre
 11055 | D:8      | Killed a two-headed ogre
 11544 | D:8      | Noticed a two-headed ogre
 11558 | D:8      | Killed a two-headed ogre
 11558 | D:8      | Reached XP level 11. HP: 65/120 MP: 11/11
 11910 | D:8      | Noticed Psyche
 11928 | D:8      | Killed Psyche
 12682 | D:9      | Noticed a two-headed ogre
 12704 | D:9      | Killed a two-headed ogre
 12831 | D:9      | Noticed a two-headed ogre
 12843 | D:9      | Killed a two-headed ogre
 12976 | D:9      | Received a gift from Trog
 12995 | D:9      | Identified a scroll of acquirement
 12999 | D:9      | Reached XP level 12. HP: 130/130 MP: 12/12
 13023 | D:9      | Found a sacrificial altar of Ru.
 13071 | D:9      | Found a sparkling altar of Nemelex Xobeh.
 13184 | D:9      | Noticed a two-headed ogre
 13252 | D:8      | Killed a two-headed ogre
 13252 | D:8      | Reached skill level 1 in Shields
 13449 | D:7      | HP: 2/131 [hippogriff (6)]
 14058 | D:9      | Noticed Maurice
 14066 | D:9      | Killed Maurice
 14214 | D:9      | Found a deep blue altar of Sif Muna.
 14338 | D:10     | Entered Level 10 of the Dungeon
 14667 | D:10     | Found Goudam's Book Boutique.
 14688 | D:10     | Noticed Joseph
 14703 | D:10     | Killed Joseph
 14748 | D:10     | Found Entopry's Antique Armour Shoppe.
 14913 | D:10     | Found Hyeq's Gadget Shop.
 14927 | D:10     | Reached skill level 1 in Armour
 15121 | D:10     | Found Sewamokh's Book Shop.
 16161 | D:11     | Noticed a two-headed ogre
 16173 | D:11     | Killed a two-headed ogre
 16369 | D:11     | Reached XP level 13. HP: 88/140 MP: 13/13
 16454 | D:11     | Paralysed by a hornet for 3 turns
 16999 | D:11     | Paralysed by a hornet for 1 turns
 17386 | D:11     | Found a staircase to the Lair.
 17633 | D:11     | Noticed Erolcha
 17639 | D:11     | Killed Erolcha
 17987 | Lair:1   | Entered Level 1 of the Lair of Beasts
 18140 | Lair:1   | Noticed Erica
 18155 | Lair:1   | Killed Erica
 18258 | Lair:1   | Received a gift from Trog
 19486 | Lair:2   | Found a staircase to the Swamp.
 19508 | Lair:2   | Found the +4 arc blade {discharge, rElec}
 20315 | Lair:2   | Reached skill level 1 in Short Blades
 20391 | Lair:2   | Reached skill level 5 in Shields
 20569 | Lair:3   | HP: 1/144 [elephant (18)]
 21153 | Lair:3   | Found a runed door.
 21154 | Lair:3   | Found a shimmering altar of Xom.
 21154 | Lair:3   | Noticed Plog's ghost (journeyman MiBe)
 21173 | Lair:3   | Killed Plog's ghost
 21173 | Lair:3   | Reached XP level 14. HP: 147/153 MP: 14/14
 21746 | Lair:4   | Noticed Urug
 22230 | Lair:4   | Killed Urug
 22361 | Lair:4   | Received a gift from Trog
 22382 | Lair:4   | Got a bloodstained morningstar {god gift}
 22400 | Lair:4   | Identified the +9 morningstar of Roteci {venom, rPois Str+7 Dex-5} (Trog gifted it to you on level 4 of the Lair of Beasts)
 22516 | Lair:4   | Found a staircase to the Snake Pit.
 22541 | Lair:4   | Reached skill level 15 in Maces & Flails
 23203 | Lair:5   | Got a transparent flail
 23230 | Lair:5   | Identified the +4 flail "Cinar" {pain, Fragile Int+2 Dex+3 Stlth+} (You found it on level 5 of the Lair of Beasts)
 23374 | Lair:5   | Found a labyrinth entrance.
 23383 | Lab      | Entered a labyrinth
 23614 | Lab      | Found an exit through the horrors of the Abyss.
 23626 | Lab      | Found an exit through the horrors of the Abyss.
 24516 | Lab      | Found an exit through the horrors of the Abyss.
 25040 | Lair:5   | Reached skill level 10 in Dodging
 25654 | Lair:6   | Entered Level 6 of the Lair of Beasts
 25676 | Lair:6   | Found a viscous altar of Jiyva.
 25677 | Lair:6   | Found a staircase to the Slime Pits.
 25927 | Lair:6   | Noticed Josephine
 25951 | Lair:5   | Killed Josephine
 26646 | Lair:6   | Paralysed by a hornet for 2 turns
 26654 | Lair:6   | Reached XP level 15. HP: 109/165 MP: 15/15
 26837 | Lair:6   | Reached skill level 15 in Fighting
 27064 | Lair:6   | Received a gift from Trog
 27084 | Lair:6   | Got a slimy morningstar {god gift}
 27085 | Lair:6   | Identified the +12 morningstar of Fixation {venom, Str+4} (Trog gifted it to you on level 6 of the Lair of Beasts)
 27394 | Lair:6   | Reached skill level 5 in Armour
 27406 | Lair:6   | Found a runed gate.
 27407 | Lair:6   | Found a runed gate.
 27407 | Lair:6   | Found a runed gate.
 27411 | Lair:6   | Noticed kae's ghost (journeyman DsTm)
 27434 | Lair:6   | Killed kae's ghost
 27445 | Lair:6   | HP: 3/167 [15-headed hydra (16)]
 27445 | Lair:6   | HP: 1/167 [15-headed hydra (2)]
 27445 | Lair:6   | Mangled by a 15-headed hydra

Vault maps used:
D:1:      ebering_trefoil_twist, minmay_strange_pillars, minmay_tripent
D:2:      chequers_ecumenical_altar_simple, minmay_hexomino_r4
D:3:      cheibrodos_pilgrimage, nicolae_overflow_crystal_walls,
          cheibriados_altar_1
D:4:      minmay_temple_entry_overgrown, nicolae_qazlal_general_emergency,
          uniq_grinder, uniq_blork_the_orc, uniq_edmund, uniq_menkaure,
          uniq_natasha, uniq_ijyb
D:5:      tgw_trog, overflow_temple_1_default, first_ration
D:6:      marbit_many_paths, basic_altar, kennysheep_windowed_goal
D:7:      kennysheep_mini, lemuel_crystal_altar, kennysheep_mini_moat,
          chequers_temple_overflow_statue_of_worship, enter_bailey_2,
          grunt_livestock, kennysheep_diamond
D:8:      bloody_makhleb, serial_shops, nicolae_shop_waterfront, uniq_psyche
D:9:      lemuel_blue_sif_altar, old_standard_altar,
          nicolae_ru_great_annihilating_truth, uniq_maurice
D:10:     serial_shops, nicolae_shop_stone, shop_statue, shop,
          nicolae_shop_waterfront, minmay_fire_ice_demons, uniq_joseph
D:11:     david_lair_shrubbed, serial_ice, serial_ice_f, serial_ice_o,
          serial_ice_b, serial_ice_k, minivault_20, kennysheep_small_spiral,
          st_stairs_7, uniq_erolcha
Lair:1:   beast_lair_carwin_10, minmay_lair_oklob_chamber, uniq_erica
Lair:2:   swamp_mist_pool, lemuel_fruit_tree, infiniplex_staircase_pool_2,
          grunt_megastairs_4
Lair:3:   ebering_ghost_xom, lemuel_fruit_fields
Lair:4:   minmay_snake_entry_guardpost_small, uniq_urug
Lair:5:   lab_entry_generic, grunt_forest_stairs_clearing
Lair:6:   minmay_lair_end_enchanted_forest, slime_altar_1,
          gammafunk_ghost_hydra_chop, st_stairs_7, grunt_megastairs_3,
          lemuel_fruit_fields, serial_bayou_shore_b, uniq_josephine
Lab:      nicolae_lab_flowing_pool
Bailey:   bailey_axe_2, bailey

Skill      XL: |  1  2  3  4  5  6  7  8  9 10 11 12 13 14 15 |
---------------+----------------------------------------------+-----
Maces & Flails | 3 4 5 6 7 9 10 13 14 15 | 15.7
Dodging        | 3 4 5 6 8 9 10 | 10.3
Fighting       | 5 6 7 9 11 12 13 14 15 | 15.1
Stealth        | 1 2 3 |  3.6
Shields        | 2 5 7 8 |  8.0
Armour         | 2 3 4 5 |  5.0
Short Blades   | 1 |  1.0

Action                   |  1- 3 |  4- 6 |  7- 9 | 10-12 | 13-15 || total
-------------------------+-------+-------+-------+-------+-------++-------
Melee: Mace              |    33 |       |       |       |       ||    33
       Whip              |   140 |   172 |    70 |   114 |       ||   496
       Flail             |       |       |   507 |   427 |       ||   934
       Morningstar       |       |       |       |    67 |   913 ||   980
       Rapier            |       |       |       |       |    27 ||    27
       Eveningstar       |       |       |       |       |    48 ||    48
Invok: Berserk           |     2 |     6 |     8 |    13 |    18 ||    47
       Trog's Hand       |       |     1 |     2 |     3 |     9 ||    15
  Use: Scroll            |       |       |    13 |     7 |     7 ||    27
       Potion            |       |       |       |     1 |       ||     1
 Stab: Distracted        |       |     1 |       |     1 |     1 ||     3
       Sleeping          |       |       |     2 |     4 |     2 ||     8
       Paralysed         |       |       |       |     2 |       ||     2
  Eat: Chunk             |     2 |    11 |    23 |    20 |    46 ||   102
       Ration            |       |     1 |     1 |     5 |     3 ||    10
Armor: Animal skin       |    71 |    43 |   205 |    94 |       ||   413
       Troll leather arm |       |       |       |    76 |   150 ||   226
Dodge: Dodged            |   112 |    87 |   366 |   249 |   301 ||  1115
Block: Large shield      |       |       |       |   260 |   843 ||  1103

Table legend:
 A = Spawn XP
 B = Non-spawn XP
 C = Spawn XP percentage of total XP
 D = Spawn monster count
 E = Non-spawn monster count
 F = Spawn count percentage of total count
 G = Total turns spent on level
                    A         B        C        D         E        F      G
               +---------+---------+-------+---------+---------+-------+---------
         Total |       0 |   84437 |   0.0 |       0 |     613 |   0.0 | 27445
               +---------+---------+-------+---------+---------+-------+---------
           D:1 |       0 |      69 |   0.0 |       0 |      36 |   0.0 |  1063
           D:2 |       0 |     148 |   0.0 |       0 |      32 |   0.0 |  1120
           D:3 |       0 |     213 |   0.0 |       0 |      18 |   0.0 |  1413
           D:4 |       0 |    1087 |   0.0 |       0 |      21 |   0.0 |  1749
           D:5 |       0 |     576 |   0.0 |       0 |      35 |   0.0 |  1154
           D:6 |       0 |     668 |   0.0 |       0 |      23 |   0.0 |  1400
           D:7 |       0 |    2710 |   0.0 |       0 |      34 |   0.0 |  2185
           D:8 |       0 |    5623 |   0.0 |       0 |      34 |   0.0 |  1717
           D:9 |       0 |    4426 |   0.0 |       0 |      45 |   0.0 |  1975
          D:10 |       0 |    2590 |   0.0 |       0 |      28 |   0.0 |  1101
          D:11 |       0 |    7760 |   0.0 |       0 |      46 |   0.0 |  1895
        Lair:1 |       0 |    5204 |   0.0 |       0 |      25 |   0.0 |  1130
        Lair:2 |       0 |    5594 |   0.0 |       0 |      26 |   0.0 |  1310
        Lair:3 |       0 |    8319 |   0.0 |       0 |      29 |   0.0 |  1629
        Lair:4 |       0 |    4628 |   0.0 |       0 |      24 |   0.0 |  1079
        Lair:5 |       0 |   13028 |   0.0 |       0 |      48 |   0.0 |  1104
        Lair:6 |       0 |   18928 |   0.0 |       0 |      70 |   0.0 |  1590
           Lab |       0 |    1998 |   0.0 |       0 |       5 |   0.0 |  1616
        Bailey |       0 |     868 |   0.0 |       0 |      34 |   0.0 |  1215
               +---------+---------+-------+---------+---------+-------+---------
